 Dungeon Crawl Stone Soup version 0.28.0-62-gf88900778d (webtiles) character file.

Game seed: 13151126429722563501

32019 cbfl8 the Cleaver (level 13, -7/114 HPs)
             Began as a Minotaur Fighter on June 25, 2023.
             Was an Elder of Dithmenos.
             Mangled by a cyan very ugly thing (17 damage)
             ... on level 12 of the Dungeon.
             The game lasted 00:19:53 (16861 turns).

cbfl8 the Cleaver (Minotaur Fighter)               Turns: 16861, Time: 00:19:54

Health: -7/114     AC: 13    Str: 21    XL:     13   Next: 29%
Magic:  12/12      EV:  9    Int:  5    God:    Dithmenos [****..]
Gold:   798        SH: 11    Dex: 15    Spells: 12/12 levels left

rFire   + . .      SeeInvis .   g - +2 war axe (freeze)
rCold   + + .      Faith    .   f - +0 kite shield
rNeg    . . .      Spirit   .   d - +0 chain mail {rF+}
rPois   .          Reflect  .   (helmet restricted)
rElec   .          Harm     .   h - scarf {rC+ rF+}
rCorr   .          Rampage  .   c - +0 pair of gloves
Will    .....                   (no boots)
Stlth   ..........              (no amulet)
HPRegen 0.29/turn               j - ring of wizardry
MPRegen 0.13/turn               s - ring of ice

@: wreathed by umbra
A: horns 2, retaliatory headbutt
a: Renounce Religion, Shadow Step


You were on level 12 of the Dungeon.
You worshipped Dithmenos.
Dithmenos was greatly pleased with you.
You visited 2 branches of the dungeon, and saw 14 of its levels.
You also visited: Bailey.

You collected 834 gold pieces.
You spent 36 gold pieces at shops.

Inventory:

Hand Weapons
 g - a +2 war axe of freezing (weapon)
 A - the +8 war axe of Rouple {vorpal, Fly rF+ rC+ Int-2}
   (You found it on level 10 of the Dungeon)

   It inflicts extra damage upon your enemies.
   Int:       It affects your intelligence (-2).
   rF:        It protects you from fire.
   rC:        It protects you from cold.
   Fly:       It grants you flight.
Armour
 c - a +0 pair of gloves (worn)
 d - a +0 chain mail of fire resistance (worn)
 f - a +0 kite shield (worn)
 h - a scarf of resistance (worn)
 u - a +1 pair of gloves
Jewellery
 j - a ring of wizardry (left hand)
 s - a ring of ice (right hand)
 F - an amulet of guardian spirit
Wands
 b - a wand of iceblast (8)
 o - a wand of polymorph (8)
 p - a wand of flame (13)
 C - a wand of charming (4)
Scrolls
 n - a scroll of fog
 r - a scroll of teleportation
 v - a scroll of holy word
 x - a scroll of summoning
 B - a scroll of brand weapon {unknown}
 D - a scroll of identify
 E - a scroll of enchant armour {unknown}
Potions
 a - 3 potions of lignification
 e - 4 potions of cancellation
 i - 3 potions of attraction
 k - 2 potions of resistance
 l - 2 potions of mutation
 m - 4 potions of magic
 q - a potion of might
 t - 2 potions of flight
 w - a potion of curing
 z - 2 potions of heal wounds
 G - a potion of haste


   Skills:
 + Level 10.4 Fighting
 + Level 13.7 Axes
 + Level 12.0 Armour
 + Level 6.1 Dodging
 + Level 4.5 Stealth
 + Level 10.3 Shields
 * Level 9.8 Evocations


You had 12 spell levels left.
You didn't know any spells.
Your spell library contained the following spells:

 Spells                   Type           Power      Damage    Failure   Level
 Apportation              Tloc           0%         N/A       93%         1
 Freeze                   Ice            0%         1d3       93%         1
 Ensorcelled Hibernation  Hex/Ice        0%         N/A       98%         2
 Passwall                 Tmut/Erth      0%         N/A       98%         2
 Sublimation of Blood     Necr           0%         N/A       98%         2
 Wereblood                Tmut           0%         N/A       98%         2
 Confusing Touch          Hex            0%         N/A       100%        3
 Dazzling Flash           Conj/Hex       0%         N/A       100%        3
 Frozen Ramparts          Ice            0%         1d2       100%        3
 Gell's Gravitas          Tloc           0%         N/A       100%        3
 Ignite Poison            Fire/Tmut/Pois 0%         N/A       100%        3
 Mephitic Cloud           Conj/Pois/Air  0%         N/A       100%        3
 Swiftness                Air            0%         N/A       100%        3
 Teleport Other           Tloc           0%         N/A       100%        3
 Animate Dead             Necr           0%         N/A       100%        4
 Fulminant Prism          Conj/Hex       0%         3d6       100%        4
 Hailstorm                Conj/Ice       0%         3d3       100%        4
 Iskenderun's Mystic Bla  Conj/Tloc      0%         2d3       100%        4
 Leda's Liquefaction      Hex/Erth       0%         N/A       100%        4
 Agony                    Necr           0%         N/A       100%        5
 Alistair's Intoxication  Tmut/Pois      0%         N/A       100%        5
 Borgnjor's Vile Clutch   Necr/Erth      0%         N/A       100%        5
 Freezing Cloud           Conj/Ice/Air   0%         6-21      100%        5
 Lee's Rapid Deconstruct  Erth           0%         3d5*      100%        5
 Silence                  Hex/Air        0%         N/A       100%        5
 Yara's Violent Unravell  Hex/Tmut       0%         3d3       100%        5
 Death Channel            Necr           0%         N/A       100%        6
 Dispersal                Tloc           0%         N/A       100%        6
 Statue Form              Tmut/Erth      0%         N/A       100%        6
 Enfeeble                 Hex            0%         N/A       100%        7
 Summon Hydra             Summ           0%         N/A       100%        7


Dungeon Overview and Level Annotations

Branches:
Dungeon (13/15)            Temple (1/1) D:5            Lair (0/6) D:8
    Orc (0/2) D:10         Bailey (visited)
 Vaults: D:13-14

Altars:
Ashenzari
Cheibriados
Dithmenos
Elyvilon
Fedhas
Gozag
Hepliaklqana
Kikubaaqudgha
Makhleb
Nemelex Xobeh
Okawaru
Qazlal
Ru
Sif Muna
Trog
Uskayaw
Vehumet
Wu Jian
Xom
Yredelemnul
Zin
The Shining One

Shops:
D:2 *

Annotations:
D:2 1 runed translucent door, Crazy Yiuf
D:4 Dowan, Duvessa
D:9 3 runed translucent doors, Jingleheimer's ghost, novice BaGl


Innate Abilities, Weirdness & Mutations

You have a pair of horns on your head.
You reflexively headbutt those who attack you in melee.


Message History

Found a book of the Senses and a scroll of fog.
The cyan very ugly thing gurgles horribly!
The cyan very ugly thing tail-slaps you but does no damage.
You slash the cyan very ugly thing! You freeze the cyan very ugly thing.
The cyan very ugly thing is lightly wounded.
Your shadow hits the cyan very ugly thing with a war axe.
The cyan very ugly thing tail-slaps you but does no damage.
A cyan very ugly thing is nearby!
You slash the cyan very ugly thing! You freeze the cyan very ugly thing.
The cyan very ugly thing is moderately wounded.
The cyan very ugly thing tail-slaps you but does no damage.
A cyan very ugly thing is nearby!
You slash the cyan very ugly thing! You freeze the cyan very ugly thing.
The cyan very ugly thing is heavily wounded.
The cyan very ugly thing tail-slaps you!
The cyan very ugly thing shocks you!!
You slash the cyan very ugly thing! You freeze the cyan very ugly thing!
The cyan very ugly thing is severely wounded.
You closely miss the cyan very ugly thing.
The cyan very ugly thing is severely wounded.
The cyan very ugly thing barely misses you.
You hit the cyan very ugly thing but do no damage.
The cyan very ugly thing is severely wounded.
The cyan very ugly thing tail-slaps you.
The cyan very ugly thing shocks you!!
You are too injured to fight recklessly!
You are too injured to fight recklessly!
You are too injured to fight recklessly!
You are too injured to fight recklessly!
You hit the cyan very ugly thing but do no damage.
Your headbutt misses the cyan very ugly thing.
The cyan very ugly thing is severely wounded.
The cyan very ugly thing tail-slaps you!!
* * * LOW HITPOINT WARNING * * *
The cyan very ugly thing shocks you!!
* * * LOW HITPOINT WARNING * * *
You barely miss the cyan very ugly thing.
The cyan very ugly thing is severely wounded.
The cyan very ugly thing tail-slaps you!
You die...

....########
###........#
..#........#
..#........#
..#........#
..#..}.....#
..#........# ##
..#........# ##u##
..#........###.#@#
######.....##.#.#.#
.....#....##.#.#.#:#
.....#...##)#.###.#.#
.....#..##.#.##.##.#.#
.....#.##.#.##.#.##.#.#
.##'####.#.##.#.#.##.#.#
.#...##.#.##.#.#.#.##.#?
.#..##.#.##.#..##.#.##.


You could see a cyan very ugly thing.

Vanquished Creatures
  A hydra (D:12)
  A centaur warrior (D:11)
  3 two-headed ogres
  Pikel (D:7)
  A deep elf pyromancer (D:12)
  A cyclops (D:11)
  An ugly thing (D:11)
  4 centaur zombies
  2 kobold demonologists (D:13)
  A komodo dragon (D:11)
  3 trolls
  A slime creature (D:12)
  A meliai zombie (D:11)
  7 spriggans (Bailey)
  A shadow (D:12)
  A wraith (D:10)
  4 wyverns
  23 yaks
  3 vampire mosquitoes
  A human (D:9)
  2 steam dragons
  Menkaure (D:4)
  An acid dragon (D:12)
  Edmund (D:4)
  3 black bears
  Pargi (D:4)
  5 orc warriors
  2 ice beasts
  A hornet zombie (D:7)
  3 necrophages
  14 centaurs
  4 ogres
  A phantom (D:6)
  3 kobold brigands
  A bullfrog (D:7)
  A gnoll sergeant (D:12)
  2 scorpions (D:6)
  9 killer bees
  9 wights
  A howler monkey (D:10)
  A bullfrog zombie (D:6)
  A jelly (D:5)
  A hound (D:7)
  8 orc priests
  A gnoll shaman (D:6)
  A bullfrog skeleton (D:5)
  13 orc wizards
  5 iguanas
  A mummy (D:12)
  Robin (D:4)
  6 gnolls
  A howler monkey skeleton (D:5)
  8 adders
  A shadow imp (D:6)
  3 white imps
  A worm (D:3)
  4 dart slugs
  44 orcs
  5 bats
  4 endoplasms
  5 giant cockroaches
  16 goblins
  4 hobgoblins
  5 quokkas
  4 ball pythons
  5 frilled lizards
  11 kobolds
  15 rats
301 creatures vanquished.

Vanquished Creatures (others)
  An orc wizard (D:6)
  A plant (D:5)
2 creatures vanquished.

Grand Total: 303 creatures vanquished

Notes
Turn   | Place    | Note
-------+----------+-------------------------------------------
     0 | D:1      | cbfl8 the Minotaur Fighter began the quest for the Orb.
     0 | D:1      | Reached XP level 1. HP: 19/19 MP: 0/0
   514 | D:1      | Reached XP level 2. HP: 24/27 MP: 1/1
   704 | D:1      | Reached skill level 1 in Evocations
  1355 | D:2      | Found Agaanaym's Assorted Antiques.
  1364 | D:2      | Reached XP level 3. HP: 26/33 MP: 2/2
  1446 | D:2      | Bought a scroll of identify for 36 gold pieces
  1535 | D:2      | Found a runed translucent door.
  1536 | D:2      | Noticed Crazy Yiuf
  1585 | D:2      | Found a faded altar of an unknown god.
  1792 | D:2      | Reached skill level 3 in Axes
  2145 | D:3      | Reached XP level 4. HP: 40/40 MP: 3/3
  2208 | D:3      | Identified the +5 leather armour "Xosudgh" {rF++}
  2481 | D:4      | Reached XP level 5. HP: 41/46 MP: 4/4
  2555 | D:4      | Reached skill level 4 in Axes
  2685 | D:4      | Noticed Robin
  2763 | D:4      | Killed Robin
  2804 | D:4      | Reached skill level 1 in Dodging
  2816 | D:4      | Reached XP level 6. HP: 53/53 MP: 5/5
  2847 | D:4      | Found an ornate altar of the Wu Jian Council.
  2943 | D:4      | Noticed Menkaure
  2947 | D:4      | Killed Menkaure
  2948 | D:4      | Reached skill level 5 in Axes
  3366 | D:4      | Noticed Edmund
  3436 | D:5      | Entered Level 5 of the Dungeon
  3546 | D:6      | HP: 2/53 [something/magic dart (4)]
  3593 | D:6      | Reached XP level 7. HP: 23/60 MP: 6/6
  3613 | D:6      | Reached skill level 5 in Armour
  4037 | D:5      | Reached skill level 6 in Axes
  4086 | D:4      | Killed Edmund
  4087 | D:4      | Reached skill level 5 in Fighting
  4087 | D:4      | Reached skill level 5 in Shields
  4492 | D:4      | Noticed Duvessa
  4492 | D:4      | Noticed Dowan
  4499 | D:4      | Noticed Duvessa
  4499 | D:4      | Duvessa changed into Duvessa the acid dragon
  5112 | D:5      | Reached XP level 8. HP: 46/68 MP: 7/7
  5215 | D:5      | Found a staircase to the Ecumenical Temple.
  5526 | Temple   | Entered the Ecumenical Temple
  5588 | Temple   | Became a worshipper of Dithmenos the Shadowed
  5625 | D:6      | Found a snail-covered altar of Cheibriados.
  5644 | D:6      | Reached skill level 7 in Axes
  6087 | D:4      | Noticed Pargi
  6095 | D:4      | Killed Pargi
  6282 | D:6      | HP: 1/68 [wight/+4 battleaxe (4)]
  6285 | D:6      | Reached skill level 8 in Axes
  7037 | D:6      | Reached XP level 9. HP: 73/75 MP: 8/8
  7654 | D:7      | Found a stormy altar of Qazlal.
  7725 | D:7      | Reached skill level 9 in Axes
  7725 | D:7      | Reached skill level 5 in Evocations
  7863 | D:7      | Found a flagged portal.
  7900 | D:7      | Noticed Pikel
  7914 | Bailey   | Entered a bailey
  8465 | Bailey   | Reached * piety under Dithmenos
  8609 | Bailey   | Noticed a two-headed ogre
  8620 | Bailey   | Killed a two-headed ogre
  8621 | Bailey   | Reached skill level 10 in Axes
  8621 | Bailey   | Reached XP level 10. HP: 6/84 MP: 9/9
  9309 | D:7      | Reached skill level 10 in Armour
  9309 | D:7      | Reached XP level 11. HP: 93/94 MP: 10/10
  9310 | D:7      | Reached skill level 11 in Axes
  9310 | D:7      | Reached skill level 5 in Dodging
  9310 | D:7      | Reached XP level 12. HP: 104/104 MP: 11/11
  9315 | D:7      | Killed Pikel
  9495 | D:7      | Found a bloodstained altar of Trog.
  9654 | D:8      | Found a staircase to the Lair.
 11010 | D:9      | Reached ** piety under Dithmenos
 11044 | D:9      | Found a runed translucent gate.
 11045 | D:9      | Found a runed translucent gate.
 11047 | D:9      | Found a runed translucent gate.
 11265 | D:9      | Noticed a two-headed ogre
 11270 | D:9      | Killed a two-headed ogre
 11615 | D:9      | Reached skill level 12 in Axes
 12181 | D:9      | Noticed Jingleheimer's ghost (novice BaGl)
 12217 | D:10     | Entered Level 10 of the Dungeon
 12248 | D:10     | Found the +7 Kryia's mail coat {PotionHeal*2 rC+}
 12557 | D:10     | Found a staircase to the Orcish Mines.
 12736 | D:10     | Identified the +8 war axe of Rouple {vorpal, Fly rF+ rC+
                  | Int-2}
 13682 | D:11     | Noticed a two-headed ogre
 13688 | D:11     | Killed a two-headed ogre
 13859 | D:11     | Reached *** piety under Dithmenos
 14209 | D:11     | Reached skill level 10 in Fighting
 14387 | D:11     | Noticed a centaur warrior
 14395 | D:11     | Killed a centaur warrior
 14396 | D:11     | Reached skill level 13 in Axes
 14628 | D:11     | Reached XP level 13. HP: 94/113 MP: 12/12
 15337 | D:12     | Reached skill level 10 in Shields
 15691 | D:12     | Reached **** piety under Dithmenos
 16853 | D:12     | Noticed a cyan very ugly thing
 16861 | D:12     | Mangled by a cyan very ugly thing

Illustrated notes

Levels and vault maps discovered:
D:1:      matt_arrival_los_fun, layout_rooms, minmay_rat_gold_closets
D:2:      layout_rooms, serial_shops, nicolae_diamond_shop, serial_rivers,
          chequers_serial_rivers_small_b, chequers_serial_rivers_room_b,
          chequers_serial_rivers_micro_b, chequers_serial_rivers_small_b,
          chequers_serial_rivers_micro_c, chequers_serial_rivers_small_b,
          hellmonk_ecumenical_altar_blasted, nicolae_elevator_lobby_asterisk,
          uniq_crazy_yiuf_cottage
D:3:      layout_rooms, grunt_decor_one_mirror, eino_tiny_chamber
D:4:      layout_basic, nicolae_wu_jian_wuxing_cycle, uniq_edmund, uniq_pargi,
          uniq_menkaure, uniq_duvessa, uniq_robin
D:5:      layout_rooms, minmay_temple_entry_gardened_gates
D:6:      layout_rooms, cheibriados_altar_1, eino_small_chamber_without_monster,
          st_stairs_6
D:7:      layout_cave_pools, amcnicky_altar_gilded, lemuel_doored_altar,
          enter_bailey_8, uniq_pikel
D:8:      layout_loops_ring, dpeg_oklobed_lair
D:9:      layout_basic, gammafunk_ghost_spectres
D:10:     layout_loops_corners, erik_orc_4
D:11:     layout_irregular_city, kennysheep_big_empty_room
D:12:     minmay_inner_zag, layout_gridville, serial_undead, serial_undead_e,
          serial_undead_f, serial_undead_d, serial_undead_c
D:13:     layout_roguey, david_vaults_2, serial_shops, shop
Temple:   nicolae_temple_no_exploring_needed

Skill      XL: |  1  2  3  4  5  6  7  8  9 10 11 12 13 |
---------------+----------------------------------------+-----
Evocations     | 1 2 3 4 5 7 8 9 |  9.8
Armour         | 4 5 6 8 10 11 12 | 12.0
Axes           | 3 4 5 6 8 10 11 13 | 13.7
Shields        | 4 5 6 7 8 9 10 | 10.3
Fighting       | 4 5 6 8 9 10 | 10.4
Dodging        | 1 2 4 5 6 |  6.1
Stealth        | 3 4 |  4.5

Action                   |  1- 3 |  4- 6 |  7- 9 | 10-12 | 13-15 || total
-------------------------+-------+-------+-------+-------+-------++-------
Melee: War axe           |   104 |   109 |   206 |   268 |   128 ||   815
       Headbutt          |     9 |    18 |    37 |    67 |    33 ||   164
Evoke: Wand              |       |     5 |    13 |     9 |     5 ||    32
  Use: Scroll            |     6 |     4 |     4 |     8 |     2 ||    24
       Potion            |       |     6 |     4 |     2 |       ||    12
 Stab: Invisible         |       |     3 |       |       |       ||     3
       Paralysed         |       |       |       |       |     3 ||     3
Armor: Scale mail        |    44 |    63 |     7 |       |       ||   114
       Chain mail        |       |       |   125 |   125 |    65 ||   315
Dodge: Dodged            |    45 |    49 |    70 |   103 |    63 ||   330
Block: Kite shield       |    28 |    65 |   152 |   168 |    91 ||   504
       Buckler           |     9 |       |       |       |       ||     9
